 Dungeon Crawl Stone Soup version 0.18-a0-867-gfd1cc8f (webtiles) character file.

798 M4edhros the Sneak (level 7, -7/43 HPs)
             Began as an Octopode Artificer on Dec 21, 2015.
             Was an Initiate of Fedhas.
             Killed by divine providence
             ... invoked by an orc priest
              (12 damage)
             ... on level 6 of the Dungeon.
             The game lasted 00:09:32 (4806 turns).

M4edhros the Sneak (Octopode Artificer)             Turns: 4806, Time: 00:09:33

Health: -7/43      AC:  1    Str: 15    XL:     7   Next: 89%
Magic:  10/10      EV: 14    Int: 17    God:    Fedhas [......]
Gold:   157        SH:  0    Dex: 12    Spells: 1 memorised, 3 levels left

rFire  . . .     SeeInvis .     m - -1 mace (curse)
rCold  . . .     Gourm    +     (no shield)
rNeg   . . .     Faith    .     (helmet restricted)
rPois  .         Spirit   .     s - amulet of the gourmand
rElec  .         Dismiss  .     (no ring)
rCorr  .         Reflect  .     (no ring)
SustAt .         Harm     .     (no ring)
MR     .....                    (no ring)
Stlth  +++++.....               (no ring)
                                (no ring)
                                (no ring)
                                (no ring)

@: mighty, not resistant to hostile enchantments, quite stealthy
A: almost no armour, amphibious, 8 rings, constrict 8, camouflage 1, gelatinous
body 1
a: Renounce Religion


You were on level 6 of the Dungeon.
You worshipped Fedhas.
Fedhas was noncommittal.
You were very hungry.

You visited 2 branches of the dungeon, and saw 7 of its levels.
You also visited: Sewer.

You collected 157 gold pieces.

Inventory:

Hand Weapons
 a - a +0 short sword
 h - the +10 long sword of Vuhoap {holy, rN+, unknown}
   (You found it on level 4 of the Dungeon)

   It has been blessed by the Shining One to cause great damage to the undead
   and demons.
   It protects you from negative energy.
 k - a cursed +0 hunting sling
 l - a +2 mace of protection
 m - a cursed -1 mace (weapon)
 n - a +2 mace of protection
 o - a +2 mace of protection
 r - a +3 quarterstaff of chaos
Missiles
 e - 133 stones (quivered)
 i - 40 sling bullets
 v - 3 silver tomahawks
Jewellery
 s - an amulet of the gourmand (around mantle)
Wands
 b - a wand of flame (1/48)
 c - a wand of enslavement (0/24)
 d - a wand of random effects (16/48)
 p - a wand of magic darts (7/48)
 B - a wand of flame (10/48)
Scrolls
 w - 2 scrolls of enchant armour
 D - a scroll of blinking {unknown}
Potions
 q - 2 potions of agility
 x - a potion of heal wounds
 z - a potion of magic {unknown}
 F - a potion of resistance {unknown}
 G - a potion of degeneration {unknown}
Books
 j - a Young Poisoner's Handbook

   Spells                             Type                      Level
   a - Sting                          Conjuration/Poison           1
   b - Cure Poison                    Poison                       2
   c - Mephitic Cloud                 Conjuration/Poison/Air       3
   d - Olgreb's Toxic Radiance        Poison                       4
   e - Venom Bolt                     Conjuration/Poison           5
 y - a book of Dreams

   Spells                             Type                      Level
   a - Ensorcelled Hibernation        Hexes/Ice                    2
   b - Phase Shift                    Translocation                5
   c - Shadow Creatures               Summoning                    5
   d - Silence                        Hexes/Air                    5
   e - Darkness                       Hexes                        6
   f - Mass Confusion                 Hexes                        6
Comestibles
 f - 2 bread rations
 g - 2 meat rations
 A - 2 beef jerkies
 E - 4 fruits


   Skills:
 - Level 1.0 Fighting
 - Level 1.0 Short Blades
 * Level 3.9 Slings
 * Level 5.3 Dodging
 * Level 6.3 Stealth
 + Level 4.9 Evocations


You had 3 spell levels left.
You knew the following spells:

 Your Spells              Type           Power        Failure   Level  Hunger
a - Mephitic Cloud        Conj/Pois/Air  #.......     73%         3    ####...


Dungeon Overview and Level Annotations

Branches:
Dungeon (6/15)             Temple (1/1) D:6

Altars:
Ashenzari
Dithmenos
Elyvilon
Fedhas
Gozag
Makhleb
Nemelex Xobeh
Okawaru
Pakellas
Qazlal
Trog
Xom
Zin
The Shining One

Shops:
D:4 :

Annotations:
D:5 M4edhros's ghost, novice OpAr


Innate Abilities, Weirdness & Mutations

You cannot wear most types of armour.
You are amphibious.
You can wear up to eight rings at the same time.
You can use your tentacles to constrict eight enemies at once.
Your skin changes colour to match your surroundings (Stealth).
Your rubbery body absorbs attacks (AC +1).


Message History

The orc warrior resists with significant effort.
This wand has 17 charges left.
You constrict the orc warrior. The giant newt barely misses you.
The orc warrior completely misses you.
Evoke which item? (* to show all) (? for menu, Esc to quit)
Zapping:
d - a wand of random effects (17/48)
Press: ? - help, Shift-Dir - straight line, f/p - orc warrior
Aim: an orc warrior, wielding a dire flail and wearing a chain mail (almost dead, constricted by you)
The rock shatters into small pieces.
This wand has 16 charges left.
You constrict the orc warrior. The giant newt bites you.
* * * LOW HITPOINT WARNING * * *
The orc warrior barely misses you.
You hit the orc warrior but do no damage.
The orc warrior is almost dead.
You constrict the orc warrior.
You kill the orc warrior!
Your Stealth skill increases to level 6!
The orc priest invokes the aid of Beogh against you.
Something smites you!
You die...
Fedhas appreciates your contribution to the ecosystem.

#.. ... #.# # #.#
###.##{#
....%..###### #
#P..)..# ..#
##<##o####(#.....
......)@l....(....
#####.####.###.###
#.# #.# #.# #.#
#.. ..# ### ###


You could see an orc priest and a giant newt.

Vanquished Creatures
  An orc warrior (D:6)
  An ogre (D:5)
  2 big kobolds (Sewer)
  A crimson imp (D:5)
  2 giant frog skeletons (D:5)
  2 orc wizards (D:6)
  Crazy Yiuf (D:2)
  An orc priest (D:5)
  Ijyb (D:4)
  An iguana (D:5)
  A hound zombie (D:5)
  A hound skeleton (D:6)
  2 river rats (Sewer)
  4 adders
  2 oozes (Sewer)
  5 worms
  3 giant geckos
  12 orcs
  2 bats
  A giant cockroach (D:3)
  6 goblins
  2 hobgoblins (D:1)
  6 ball pythons
  2 giant gecko skeletons (D:4)
  3 giant newts
  4 jackals (D:4)
  10 kobolds
  9 rats
88 creatures vanquished.

Vanquished Creatures (collateral kills)
  An iguana (D:6)
  2 orcs (D:5)
  A goblin (D:4)
  A jackal skeleton (D:6)
5 creatures vanquished.

Vanquished Creatures (others)
  A giant frog (D:6)
  An orc priest (D:6)
  A goblin (D:4)
  3 toadstools (D:6)
6 creatures vanquished.

Grand Total: 99 creatures vanquished

Notes
Turn   | Place    | Note
--------------------------------------------------------------
     0 | D:1      | M4edhros the Octopode Artificer began the quest for the Orb.
     0 | D:1      | Reached XP level 1. HP: 13/13 MP: 3/3
   165 | D:1      | Reached XP level 2. HP: 8/18 MP: 4/4
   417 | D:2      | Noticed Crazy Yiuf
   421 | D:2      | Killed Crazy Yiuf
   421 | D:2      | Reached XP level 3. HP: 3/23 MP: 5/5
   741 | D:2      | Found a stormy altar of Qazlal.
   895 | D:4      | Reached XP level 4. HP: 9/28 MP: 6/6
  1101 | D:4      | Noticed Ijyb
  1105 | D:4      | Killed Ijyb
  1105 | D:4      | Reached skill level 4 in Evocations
  1127 | D:4      | Got a jewelled long sword
  1171 | D:4      | Found Foemavop's Book Boutique.
  1330 | D:4      | Found a glowing drain.
  1334 | Sewer    | Entered a sewer
  1658 | Sewer    | Noticed a big kobold
  1670 | Sewer    | Killed a big kobold
  1670 | Sewer    | Reached skill level 1 in Slings
  1670 | Sewer    | Reached XP level 5. HP: 14/33 MP: 8/8
  2542 | Sewer    | Reached XP level 6. HP: 29/38 MP: 9/9
  3152 | D:5      | Entered Level 5 of the Dungeon
  3159 | D:5      | Found a bloodstained altar of Trog.
  3184 | D:5      | Learned a level 3 spell: Mephitic Cloud
  3725 | D:5      | Noticed M4edhros's ghost (novice OpAr)
  3781 | D:5      | Reached skill level 5 in Stealth
  3799 | D:5      | Reached XP level 7. HP: 18/43 MP: 10/10
  4083 | D:5      | Found a white marble altar of Elyvilon.
  4278 | D:5      | Found an opulent altar of Gozag.
  4321 | D:6      | Reached skill level 5 in Dodging
  4458 | D:6      | Found a staircase to the Ecumenical Temple.
  4468 | Temple   | Entered the Ecumenical Temple
  4652 | Temple   | Became a worshipper of Xom of Chaos
  4672 | Temple   | Fell from the grace of Xom
  4672 | Temple   | Became a worshipper of Fedhas Madash
  4754 | D:6      | XOM: confusion (+ monsters)
  4776 | D:6      | XOM: 1-stop teleportation journey
  4806 | D:6      | Killed an orc warrior
  4806 | D:6      | Reached skill level 6 in Stealth
  4806 | D:6      | Killed from afar by an orc priest

Vault maps used:
D:1:      minmay_arrival_glassed_features, bh_walls_and_bars
D:2:      nicolae_qazlal_general_emergency, uniq_crazy_yiuf_cottage
D:3:      lemuel_doored_altar
D:4:      kennysheep_the_goblin_king, lemuel_coloured_pillars_altar,
          gup_sewer_entry_spiral, serial_shops,
          nicolae_shop_temple_entry_statues_fountains
D:5:      marbit_many_paths, old_standard_altar, basic_altar,
          serial_corexii_hall, corexii_hall_statues_x,
          corexii_hall_statues_deadend, first_bread
D:6:      minmay_temple_entry_mist, uniq_blork_the_orc
Temple:   roderic_octagonal_lattice_temple
Sewer:    sewer_co_tree

Action                   |  1- 3 |  4- 6 |  7- 9 || total
-------------------------+-------+-------+-------++-------
Melee: Short sword       |    37 |       |       ||    37
       Mace              |    15 |   126 |    38 ||   179
Evoke: Wand              |     5 |    22 |    12 ||    39
  Use: Scroll            |     4 |     5 |     1 ||    10
       Potion            |       |     5 |     3 ||     8
 Stab: Sleeping          |     3 |     8 |     1 ||    12
       Distracted        |       |     1 |     1 ||     2
       Confused          |       |       |     1 ||     1
  Eat: Chunk             |       |     6 |       ||     6
       Meat ration       |       |     1 |       ||     1
